 Dungeon Sprint DCSS version 0.31-a0-18-gea43df2a32 (webtiles) character file.

Game seed: 1647473120136231131

2380 sircluck the Grappler (level 9, -22/97 HPs)
             Began as a Troll Berserker on May 9, 2023.
             Was a High Priest of Trog.
             Killed from afar by a ynoxinul (32 damage)
             ... with an iron shot
             ... in the Dungeon (Sprint VII: "The Pits").
             The game lasted 00:03:15 (629 turns).

sircluck the Grappler (Troll Berserker)              Turns: 629, Time: 00:03:15

Health: -22/97     AC:  1    Str: 37    XL:     9   Next: 22%
Magic:  8/8        EV: 12    Int:  3    God:    Trog [*****.]
Gold:   0          SH:  0    Dex:  9    Spells: 8/8 levels left

rFire   . .          .
                       - Unarmed
rCold   . . .        (no shield)
rNeg    . . .        a - +0 animal skin
rPois   .            (helmet restricted)
rElec   .            n - +0 cloak
rCorr   .            (gloves unavailable)
SInv    .            (boots unavailable)
Will    .....        (no amulet)
Stlth   +            k - +3 ring of strength
HPRegen 1.16/turn    g - +3 ring of strength
MPRegen 0.11/turn

%: no teleportation
@: corroded
A: large, unfitting armour, claws 3, regeneration 1, shaggy fur 1, tough skin 1
a: Renounce Religion, Berserk, Trog's Hand, Brothers in Arms


You were in the Dungeon.
You worshipped Trog.
Trog was extremely pleased with you.
You visited 1 branch

Inventory:

Missiles
 j - 10 stones (quivered)
Armour
 a - a +0 animal skin (worn)
 n - a +0 cloak (worn)
Jewellery
 g - a +3 ring of strength (right claw)
 k - a +3 ring of strength (left claw)
Scrolls
 i - a scroll of butterflies
Potions
 b - 7 potions of curing
 c - 6 potions of heal wounds
 d - a potion of haste
 e - 4 potions of magic
 f - 4 potions of berserk rage
 h - 2 potions of invisibility
 l - 2 potions of might
 m - a potion of resistance


   Skills:
 + Level 8.7 Fighting
 + Level 10.2 Dodging
 + Level 0.1 Stealth
 + Level 14.9 Unarmed Combat


You had 8 spell levels left.
You didn't know any spells.
Your spell library was empty.

Dungeon Overview and Level Annotations

Branches:
Dungeon (1/1)

Altars:
Cheibriados
Dithmenos
Elyvilon
Fedhas
Gozag
Hepliaklqana
Makhleb
Nemelex Xobeh
Okawaru
Qazlal
Ru
Sif Muna
Trog
Wu Jian
Xom
Yredelemnul
Zin
The Shining One
Jiyva


Innate Abilities, Weirdness & Mutations

You are too large for most types of armour.
You have claws for hands.
Your natural rate of healing is unusually fast.
You are covered in fur. (AC +1)
You have tough skin. (AC +1)


Message History

The ynoxinul is almost dead.
The acid dragon spits acid at you. The splash of acid hits you!!
* * * LOW HITPOINT WARNING * * *
The ynoxinul misses you.
The ufetubus hits you but does no damage.
The ufetubus hits you.
* * * LOW HITPOINT WARNING * * *
The ufetubus hits you.
* * * LOW HITPOINT WARNING * * *
The ufetubus closely misses you.
You barely miss the ynoxinul.
The ynoxinul is almost dead.
The ufetubus closely misses you. The ufetubus misses you.
The ynoxinul gestures at you. The iron shot misses you. The ufetubus hits you.
* * * LOW HITPOINT WARNING * * *
The ufetubus closely misses you.
You scratch the ynoxinul.
The ynoxinul is almost dead.
The ufetubus closely misses you. The ufetubus misses you.
The ufetubus closely misses you. The ufetubus hits you.
* * * LOW HITPOINT WARNING * * *
The ynoxinul gestures at you. The iron shot misses you.
You closely miss the ynoxinul.
The ynoxinul is almost dead.
The ufetubus barely misses you. The ufetubus hits you.
* * * LOW HITPOINT WARNING * * *
The ufetubus completely misses you. The ufetubus misses you.
Unknown command.
You closely miss the ynoxinul.
The ynoxinul is almost dead.
The ufetubus completely misses you. The ufetubus barely misses you.
The acid dragon bites you!
* * * LOW HITPOINT WARNING * * *
The acid dragon barely misses you. The ynoxinul gestures at you.
The iron shot hits you!!
You die...

...##.......##......#
#####...<...###....##
)..##.......# ##)'##
)..##.......###†...##
#####.......##......#
#.)###########......+
#†############......#
#.#....#...[###....##
#)#....#..[[# ##@3##
#)'....'..))# #D55.#
#'#....#..))##......#
÷.#....#..))##......#
#####################


You could see a ynoxinul, an acid dragon (catching breath) and 2 ufetubi.

Vanquished Creatures
  Pikel (D)
  An efreet (D)
  A komodo dragon (D)
  A red devil (D)
  A wraith (D)
  A redback (D)
  A fire bat (D)
  A floating eye (D)
  A black bear (D)
  A sky beast (D)
  An ogre (D)
  A lemure (D)
  A scorpion (D)
  A gnoll bouda (D)
  A hound (D)
  4 gnolls (D)
  A worm (D)
  An orc (D)
  A bat skeleton (D)
  An endoplasm (D)
  2 giant cockroaches (D)
  2 hobgoblins (D)
  A quokka (D)
  2 ball python zombies (D)
  A rat (D)
31 creatures vanquished.

Vanquished Creatures (collateral kills)
  A freezing wraith (D)
  An adder (D)
2 creatures vanquished.

Grand Total: 33 creatures vanquished

Notes
Turn   | Place    | Note
-------+----------+-------------------------------------------
     0 | D        | sircluck the Troll Berserker began the quest for the Orb.
     0 | D        | Reached XP level 1. HP: 22/22 MP: 0/0
    71 | D        | Found a bloodstained altar of Trog.
    71 | D        | Found a shimmering blue altar of Sif Muna.
    71 | D        | Found a viscous altar of Jiyva.
    71 | D        | Found a hazy altar of Hepliaklqana.
    71 | D        | Found an opulent altar of Gozag.
    72 | D        | Found a glowing golden altar of the Shining One.
    72 | D        | Found a glowing silver altar of Zin.
    72 | D        | Found a basalt altar of Yredelemnul.
    72 | D        | Found a shimmering altar of Xom.
    72 | D        | Found an ornate altar of the Wu Jian Council.
    72 | D        | Found a sacrificial altar of Ru.
    72 | D        | Found a stormy altar of Qazlal.
    72 | D        | Found an iron altar of Okawaru.
    72 | D        | Found a sparkling altar of Nemelex Xobeh.
    72 | D        | Found a burning altar of Makhleb.
    72 | D        | Found a blossoming altar of Fedhas.
    72 | D        | Found a white marble altar of Elyvilon.
    72 | D        | Found a shadowy altar of Dithmenos.
    72 | D        | Found a snail-covered altar of Cheibriados.
    89 | D        | Reached ** piety under Trog
    94 | D        | Noticed a sky beast
   111 | D        | Killed a sky beast
   111 | D        | Reached *** piety under Trog
   112 | D        | Reached skill level 6 in Unarmed Combat
   112 | D        | Reached XP level 2. HP: 6/33 MP: 1/1
   112 | D        | Reached XP level 3. HP: 7/40 MP: 2/2
   112 | D        | Reached XP level 4. HP: 9/49 MP: 3/3
   160 | D        | Noticed a scorpion
   166 | D        | Killed a scorpion
   167 | D        | Reached skill level 5 in Fighting
   167 | D        | Reached skill level 5 in Dodging
   167 | D        | Reached skill level 7 in Unarmed Combat
   167 | D        | Reached XP level 5. HP: 48/57 MP: 4/4
   195 | D        | Noticed a black bear
   195 | D        | Noticed a floating eye
   200 | D        | Reached **** piety under Trog
   205 | D        | Paralysed by a floating eye for 4 turns
   213 | D        | Paralysed by a floating eye for 3 turns
   220 | D        | Paralysed by a floating eye for 3 turns
   226 | D        | Killed a floating eye
   227 | D        | Reached skill level 8 in Unarmed Combat
   227 | D        | Reached XP level 6. HP: 48/67 MP: 5/5
   230 | D        | Reached ***** piety under Trog
   231 | D        | Reached skill level 9 in Unarmed Combat
   232 | D        | Identified the +2 executioner's axe of Dissent {heavy, rN+}
                  | (Trog gifted it to you in the Dungeon)
   232 | D        | Received a gift from Trog
   275 | D        | Reached skill level 10 in Unarmed Combat
   276 | D        | Noticed a red devil
   281 | D        | Killed a red devil
   282 | D        | Reached skill level 11 in Unarmed Combat
   282 | D        | Reached XP level 7. HP: 67/78 MP: 6/6
   289 | D        | Noticed a fire bat
   289 | D        | Noticed Pikel
   295 | D        | Killed Pikel
   296 | D        | Reached skill level 12 in Unarmed Combat
   296 | D        | Reached XP level 8. HP: 38/88 MP: 7/7
   303 | D        | Reached skill level 13 in Unarmed Combat
   362 | D        | Noticed a freezing wraith
   373 | D        | Received a gift from Trog
   378 | D        | Killed a freezing wraith
   549 | D        | Noticed an efreet
   559 | D        | Killed an efreet
   560 | D        | Reached skill level 14 in Unarmed Combat
   560 | D        | Reached XP level 9. HP: 39/97 MP: 8/8
   564 | D        | Reached skill level 10 in Dodging
   620 | D        | Noticed a komodo dragon
   624 | D        | Killed a komodo dragon
   629 | D        | Killed from afar by a ynoxinul

Illustrated notes

Levels and vault maps discovered:
D:        pitsprint [storerooms_1, entrance_room_1, metal_vault_2, armoury_1,
          mini_pit_1, grid_room_1, main_hall_1, silver_pit, the_coven_2,
          the_vestibule_1, steel_vault_4, golden_pit, hallway_of_sentries,
          crystal_vault_1, iron_vault_2, final_vault]

Skill      XL: |  1  2  3  4  5  6  7  8  9 |
---------------+----------------------------+-----
Fighting       | 4 5 6 7 8 |  8.7
Dodging        | 4 5 6 7 8 9 10 | 10.2
Unarmed Combat | 6 7 8 11 12 14 | 14.9
Stealth        | |  0.1

Action                     |  1- 3 |  4- 6 |  7- 9 || total
---------------------------+-------+-------+-------++-------
  Melee: Unarmed           |    24 |    35 |    34 ||    93
         Punch             |       |       |     3 ||     3
 Invoke: Berserk           |     1 |       |       ||     1
         Brothers in Arms  |       |       |     2 ||     2
    Use: Potion            |       |     3 |     3 ||     6
         Scroll            |       |       |     1 ||     1
 Armour: Animal skin       |    11 |    11 |     5 ||    27
  Dodge: Dodged            |    15 |    37 |    30 ||    82

Table legend: (Time is in decaauts)
 A = Elapsed time spent in this place.
 B = Non-inter-level travel time spent in this place.
 C = Inter-level travel time spent in this place.
 D = Time resting spent in this place.
 E = Time spent auto-exploring this place.
 F = Levels seen in this place.
 G = Mean time per level.
                   A        B        C        D        E       F      G
               +--------+--------+--------+--------+--------+-----+--------+
         Total |    622 |    559 |     63 |     10 |    296 |   1 |  622.0 |
       Dungeon |    622 |    559 |     63 |     10 |    296 |   1 |  622.0 |
               +--------+--------+--------+--------+--------+-----+--------+

Top non-repeatable levels by time:
       D: 622 daAuts
